Map: Tourmaline LE

Players

SZsOs (sOs) - Winner!

  • Race: Protoss Protoss
  • Spawn Location: 1:00

HolyHit

  • Race: Protoss Protoss
  • League: Grandmaster
  • Spawn Location: 7:00

VOD

Have the link to the VOD?

Description

Time

  • Played on: Jan. 30, 2026, 1:26 p.m.
  • Length: 5:43
Show
View Real Time Build Order
Export as new Build Order

SZsOs Protoss - Winner!

Build Orders: 1 Gate Expand 

Get SALT Encoding   

  12  0:00  Probe  
  13  0:12  Probe  
  14  0:16  Pylon  
  14  0:24  Probe  
  15  0:35  Probe  
  15  0:36  Gateway  
  15  0:42  Assimilator  
  16  0:43  Probe  
  17  0:52  Probe  
  18  1:03  Probe  
  19  1:15  Probe  
  20  1:21  Nexus  
  20  1:31  Cybernetics Core  
  20  1:34  Probe  
  21  1:40  Assimilator  
  21  1:46  Probe  
  22  1:48  Warp Gate  
  22  1:49  Pylon  
  22  1:58  Probe  
  23  2:07  Sentry  
  25  2:10  Probe  
  26  2:16  Shield Battery  
  26  2:22  Probe  
  27  2:27  Stalker  
  27  2:35  Probe x2  
  31  2:47  Gateway  
  31  2:48  Gateway  
  31  2:52  Probe  
  31  2:54  Probe  
  31  2:57  Sentry  
  35  3:04  Robotics Facility  
  35  3:11  Shield Battery  
  35  3:13  Probe  
  36  3:27  Pylon  
  36  3:35  Sentry  
  36  3:39  Immortal  
  36  3:40  Immortal  
  38  3:41  Shield Battery  
  38  3:44  Stalker  
  38  3:45  Adept  
  46  3:57  Pylon  
  46  3:59  Stalker  
  47  4:04  Probe  
  47  4:09  Immortal  
  48  4:21  Shield Battery  
  52  4:31  Stalker x2  
  52  4:39  Probe  
  52  4:40  Probe  
  52  4:41  Assimilator  
  52  4:42  Stalker  
  52  4:43  Shield Battery  
  55  4:58  Immortal  
  53  5:10  Probe x2  
  54  5:15  Stalker  
  54  5:19  Shield Battery, Stalker  
  58  5:28  Stalker  
Show
View Real Time Build Order
Export as new Build Order

HolyHit Protoss 

Build Orders: Blink Stalkers 

Get SALT Encoding   

  12  0:00  Probe  
  13  0:12  Probe  
  14  0:17  Pylon  
  14  0:24  Probe  
  15  0:32  Probe  
  15  0:37  Gateway  
  15  0:40  Probe  
  16  0:46  Assimilator  
  17  0:51  Probe  
  17  0:55  Assimilator  
  18  1:00  Probe  
  19  1:08  Probe  
  19  1:09  Gateway  
  19  1:17  Probe  
  20  1:25  Cybernetics Core  
  21  1:29  Probe  
  22  1:34  Pylon  
  22  1:41  Probe  
  24  1:58  Stalker x2  
  24  2:01  Warp Gate  
  27  2:15  Twilight Council  
  27  2:24  Pylon  
  27  2:26  Blink  
  27  2:28  Adept x2  
  31  2:50  Gateway  
  31  2:58  Stalker  
  33  3:07  Stalker  
  35  3:18  Gateway  
  35  3:26  Shield Battery  
  35  3:42  Pylon  
  35  3:43  Pylon  
  35  3:50  Stalker  
  35  3:51  Stalker  
  39  4:00  Stalker  
  41  4:13  Stalker x2  
  41  4:15  Stalker  
  47  4:34  Stalker  
  47  4:38  Stalker  
  45  4:41  Stalker  
  47  4:52  Stalker  
  41  5:05  Stalker x2  
  39  5:12  Stalker  
  41  5:20  Stalker  
Tags
 
Add a new tag
Caveats
  • Supply blocks, unpowered buildings, or Contaminate may cause inaccurate times.
  • Supply counts are checked every 10 seconds.